 Dungeon Sprint DCSS version 0.27.1 (webtiles) character file.

Game seed: 9617967393116995542

816 JuniperTheExplorer the Fighter (level 8, -10/67 HPs)
             Began as a Djinni Fighter on Aug 27, 2021.
             Mangled by a troll (12 damage)
             ... in the Dungeon (Sprint IX: "|||||||||||||||||||||||||||||").
             The game lasted 00:03:43 (566 turns).

JuniperTheExplorer the Fighter (Djinni Fighter)      Turns: 566, Time: 00:03:44

Health: -10/67     AC: 13    Str: 18    XL:     8   Next: 16%
Gold:   0          EV:  7    Int: 13    God:
                   SH: 11    Dex: 15

rFire    + + .     SeeInvis .   o - +2 scimitar (flame)
rCold    x . .     Faith    .   c - +0 kite shield
rNeg     . . .     Spirit   .   m - +1 chain mail
rPois    ∞         Reflect  .   (no helmet)
rElec    .         Harm     .   n - +0 cloak
rCorr    .         Rampage  .   (no gloves)
Will     .....     NoTele   +   (boots unavailable)
Stlth    ..........             (no amulet)
HPRegen  0.21/turn              k - +3 ring of strength
MPRegen  0.00/turn              l - +3 ring of intelligence

@: flying
A: sickness immunity, fire resistance 2, cold vulnerability 1, float, innate
caster, hp casting, extra vitality 1
a: no special abilities


You were in the Dungeon.
You visited 1 branch

Inventory:

Hand Weapons
 o - a +2 scimitar of flaming (weapon)
Armour
 c - a +0 kite shield (worn)
 m - a +1 chain mail (worn)
 n - a +0 cloak (worn)
Jewellery
 k - a +3 ring of strength (left hand)
 l - a +3 ring of intelligence (right hand)
Wands
 j - a wand of iceblast (10) (quivered)
Scrolls
 i - 2 scrolls of blinking
Potions
 e - 4 potions of curing
 g - a potion of haste
 h - a potion of berserk rage


   Skills:
 + Level 9.0 Fighting
 + Level 8.1 Long Blades
 + Level 8.7 Armour
 + Level 2.6 Dodging
 + Level 2.7 Stealth
 + Level 8.2 Shields


You had one spell level left.
You knew the following spells:

 Your Spells              Type           Power      Damage    Failure   Level
a - Shock                 Conj/Air       0%         1d3       100%        1
b - Wereblood             Tmut           0%         N/A       100%        2
c - Confusing Touch       Hex            0%         N/A       100%        3
Your spell library was empty.


Dungeon Overview and Level Annotations

Branches:
Dungeon (1/1)

Altars:
Cheibriados
Dithmenos
Elyvilon
Fedhas
Gozag
Hepliaklqana
Kikubaaqudgha
Makhleb
Nemelex Xobeh
Okawaru
Qazlal
Ru
Sif Muna
Trog
Uskayaw
Vehumet
Wu Jian
Xom
Yredelemnul
Zin
The Shining One
Beogh
Jiyva
Lugonu


Innate Abilities, Weirdness & Mutations

You are immune to sickness and miasma.
You are immune to poison.
Your flesh is very heat resistant. (rF++)
You are vulnerable to cold. (rC-)
You float through the air rather than walking.
You learn spells naturally, not from books.
Your magical power is your life essence.
You have superior vitality. (+4 HP)


Message History

There is a snail-covered altar of Cheibriados here.
There is a roughly hewn altar of Beogh here.
There is an open door to the Temple here.
You block the troll's attack. x2; The troll claws you.
* * * LOW HITPOINT WARNING * * *
You feel much better.
You slash the troll! You burn the troll.
The troll is moderately wounded.
The troll bites you but does no damage. The troll claws you.
You block the troll's attack. The troll bites you!
You block the troll's attack. The troll claws you.
You hit the troll. You burn the troll.
The troll is heavily wounded.
The troll bites you. The troll claws you but does no damage.
You block the troll's attack.
You hit the troll but do no damage.
The troll is heavily wounded.
You block the troll's attack. x2; The troll claws you but does no damage.
You hit the troll. You burn the troll.
The troll is heavily wounded.
You block the troll's attack. x2; The troll claws you!
* * * LOW HITPOINT WARNING * * *
You closely miss the troll.
The troll is heavily wounded.
The troll closely misses you. The troll claws you but does no damage.
You block the troll's attack.
You hit the troll. You burn the troll.
The troll is heavily wounded.
The troll bites you!
* * * LOW HITPOINT WARNING * * *
The troll claws you but does no damage. The troll barely misses you.
You barely miss the troll.
The troll is heavily wounded.
You block the troll's attack. The troll claws you but does no damage.
The troll claws you!
* * * LOW HITPOINT WARNING * * *
You hit the troll. You burn the troll.
The troll is severely wounded.
The troll bites you!
You die... ▓▓▓▓▓▓▓▓▓▓▓▓▓▓▓▓▓▓▓▓▓▓▓▓▓▓▓▓▓ ▓<...).....)@T...'___________ ▓▓▓▓▓▓▓▓▓▓▓▓▓▓▓▓▓▓▓▓▓▓▓▓▓▓▓▓▓

You could see a troll.

Vanquished Creatures
  A kobold demonologist (D)
  A hornet (D)
  An orc warrior (D)
  A black bear (D)
  A centaur (D)
  A killer bee (D)
  A gnoll shaman (D)
  A jelly (D)
  An orc (D)
  A bat (D)
  A bat zombie (D)
  2 kobolds (D)
  2 goblins (D)
15 creatures vanquished.

Notes
Turn   | Place    | Note
-------+----------+-------------------------------------------
     0 | D        | JuniperTheExplorer the Djinni Fighter began the quest for
                  | the Orb.
     0 | D        | Reached XP level 1. HP: 20/20 MP: 0/0
   182 | D        | Noticed a jelly
   182 | D        | Noticed a black bear
   182 | D        | Noticed a gnoll shaman
   188 | D        | Reached XP level 2. HP: 26/26 MP: 0/0
   191 | D        | Reached skill level 4 in Fighting
   191 | D        | Reached XP level 3. HP: 21/31 MP: 0/0
   191 | D        | Learned a level 1 spell: Shock
   194 | D        | Killed a black bear
   195 | D        | Reached skill level 5 in Fighting
   195 | D        | Reached skill level 5 in Armour
   195 | D        | Reached skill level 1 in Dodging
   195 | D        | Reached skill level 5 in Shields
   195 | D        | Reached XP level 4. HP: 17/40 MP: 0/0
   195 | D        | Reached XP level 5. HP: 19/45 MP: 0/0
   195 | D        | Learned a level 2 spell: Wereblood
   202 | D        | Reached skill level 6 in Fighting
   394 | D        | Found a snail-covered altar of Cheibriados.
   394 | D        | Found a shadowy altar of Dithmenos.
   394 | D        | Found a white marble altar of Elyvilon.
   394 | D        | Found a blossoming altar of Fedhas.
   394 | D        | Found an opulent altar of Gozag.
   395 | D        | Found a hazy altar of Hepliaklqana.
   396 | D        | Found a viscous altar of Jiyva.
   398 | D        | Found a corrupted altar of Lugonu.
   399 | D        | Found a burning altar of Makhleb.
   400 | D        | Found a sparkling altar of Nemelex Xobeh.
   401 | D        | Found an iron altar of Okawaru.
   402 | D        | Found a stormy altar of Qazlal.
   403 | D        | Found a sacrificial altar of Ru.
   405 | D        | Found a bloodstained altar of Trog.
   406 | D        | Found a hide-covered altar of Uskayaw.
   408 | D        | Found an ornate altar of the Wu Jian Council.
   409 | D        | Found a shimmering altar of Xom.
   410 | D        | Found a basalt altar of Yredelemnul.
   411 | D        | Found a glowing silver altar of Zin.
   412 | D        | Found a glowing golden altar of the Shining One.
   472 | D        | Noticed a hornet
   472 | D        | Noticed a kobold demonologist
   472 | D        | Noticed a centaur
   472 | D        | Noticed an orc warrior
   472 | D        | Noticed a troll
   479 | D        | Killed a hornet
   480 | D        | Reached skill level 7 in Fighting
   480 | D        | Reached skill level 1 in Stealth
   480 | D        | Reached XP level 6. HP: 32/53 MP: 0/0
   488 | D        | Killed a kobold demonologist
   489 | D        | Reached skill level 8 in Fighting
   489 | D        | Reached XP level 7. HP: 29/60 MP: 0/0
   489 | D        | Learned a level 3 spell: Confusing Touch
   501 | D        | Reached XP level 8. HP: 34/67 MP: 0/0
   509 | D        | Reached skill level 9 in Fighting
   565 | D        | HP: 1/67 [troll (7)]
   566 | D        | Mangled by a troll

Illustrated notes

Levels and vault maps discovered:
D:        linesprint [early_d, line_temple, items_1, d_10, items_2, lair_1,
          lair_end, items_3, orc_1, orc_end, items_4, d_15, swamp_1, shoals_1,
          snake_1, spider_1, d_20, vaults_1, items_5, swamp_end, shoals_end,
          snake_end, spider_end, vaults_end, d_27, items_6, zot_1, zot_end,
          crypt_end, forest_end, elf_end, slime_end, tomb_end, abyss_end,
          pan_hell_end]

Skill      XL: |  1  2  3  4  5  6  7  8 |
---------------+-------------------------+-----
Long Blades    | 2 4 6 7 8 |  8.1
Fighting       | 4 5 7 8 9 |  9.0
Armour         | 4 5 7 8 |  8.7
Shields        | 4 5 7 8 |  8.2
Dodging        | 1 2 |  2.6
Stealth        | 1 2 |  2.7

Action                   |  1- 3 |  4- 6 |  7- 9 || total
-------------------------+-------+-------+-------++-------
Melee: Long sword        |    24 |     8 |       ||    32
       Scimitar          |       |    16 |    33 ||    49
  Use: Potion            |     1 |     1 |     4 ||     6
 Stab: Invisible         |       |     3 |       ||     3
Armor: Scale mail        |     9 |     1 |       ||    10
       Chain mail        |       |     7 |    32 ||    39
Dodge: Dodged            |     8 |     6 |    12 ||    26
Block: Kite shield       |     6 |    16 |    29 ||    51
       Rpst.: Long sword |     4 |     2 |       ||     6
       Scimitar          |       |     1 |     1 ||     2
